 Dungeon Crawl Stone Soup version 0.27-a0-323-gbd089401bb (webtiles) character file.

Game seed: 6363946900695960424

1319 ismpop the Skirmisher (level 8, -1/73 HPs)
             Began as a Minotaur Berserker on Feb 10, 2021.
             Was a Priest of Trog.
             Killed from afar by an electric eel (5 damage)
             ... with a bolt of electricity
             ... on level 6 of the Dungeon on Feb 11, 2021.
             The game lasted 00:27:52 (8644 turns).

ismpop the Skirmisher (Minotaur Berserker)          Turns: 8644, Time: 00:27:53

Health: -1/73      AC: 15    Str: 24    XL:     8   Next: 33%
Magic:  7/7        EV:  5    Int:  4    God:    Trog [***...]
Gold:   139        SH: 15    Dex: 10    Spells: 7/7 levels left

rFire    . . .     SeeInvis .   d - +1 whip
rCold    . . .     Faith    .   i - +0 tower shield
rNeg     . . .     Spirit   .   u - +0 chain mail
rPois    .         Reflect  .   (helmet restricted)
rElec    .         Harm     .   (no cloak)
rCorr    .         Rampage  .   c - +0 pair of gloves
Will     .....                  (no boots)
Stlth    ..........             f - amulet of magic regeneration
HPRegen  0.22/turn              r - +4 ring of protection
MPRegen  0.35/turn              (no ring)

@: no status effects
A: retaliatory headbutt, claws 1, fangs 1, horns 2
a: Renounce Religion, Berserk, Trog's Hand


You were on level 6 of the Dungeon.
You worshipped Trog.
Trog was most pleased with you.
You visited 1 branch of the dungeon, and saw 6 of its levels.

You collected 237 gold pieces.
You spent 98 gold pieces at shops.

Inventory:

Hand Weapons
 d - a +1 whip (weapon)
Missiles
 b - 122 arrows
 k - 42 poisoned darts
Armour
 c - a +0 pair of gloves (worn)
 i - a +0 tower shield (worn)
 t - the +18 shield of the Gong {rElec rN+ Will+ EV-5}
   (You found it on level 4 of the Dungeon)

   It affects your evasion (-5).
   It insulates you from electricity.
   It protects you from negative energy.
   It affects your willpower, your defense against some magical effects.
 u - a +0 chain mail (worn)
Jewellery
 f - an amulet of magic regeneration (around neck)
 r - a +4 ring of protection (left hand)
Scrolls
 h - 2 scrolls of magic mapping
 j - a scroll of immolation
 q - 4 scrolls of teleportation
Potions
 a - 2 potions of flight
 e - 2 potions of mutation
 g - a potion of resistance
 n - a potion of might


   Skills:
 * Level 7.0 Fighting
 * Level 6.9 Maces & Flails
 * Level 6.5 Armour
 + Level 4.3 Dodging
 * Level 4.4 Shields


You had 7 spell levels left.
You didn't know any spells.
Your spell library was empty.

Dungeon Overview and Level Annotations

Branches:
Dungeon (6/15)             Temple (0/1) D:6

Altars:
Dithmenos
Elyvilon
Qazlal
Trog
Yredelemnul
The Shining One

Shops:
D:4 ?


Innate Abilities, Weirdness & Mutations

You reflexively headbutt those who attack you in melee.
You have a pair of horns on your head.
You have sharp fingernails.
You have very sharp teeth.


Message History

Your shield prevents you from hitting the bullfrog zombie.
The bullfrog zombie is severely damaged.
You block the bullfrog zombie's attack.
You hit the bullfrog zombie.
Your headbutt misses the bullfrog zombie.
You bite the bullfrog zombie.
You destroy the bullfrog zombie!
Trog accepts your kill.
h - 2 scrolls of magic mapping (gained 1)
Found a stormy altar of Qazlal.
There is a stormy altar of Qazlal here.
There is an open door here.
Found a scroll of immolation.
The electric eel shoots out a bolt of lightning at you!
The bolt of electricity hits the electric eel.
The electric eel completely resists.
The bolt of electricity hits you!
The electric eel shoots out a bolt of lightning at you!
The bolt of electricity hits you! x2
The electric eel shoots out a bolt of lightning at you!
The bolt of electricity hits the electric eel.
The electric eel completely resists.
The bolt of electricity hits you!
The electric eel shoots out a bolt of lightning at you!
The bolt of electricity hits you.
The electric eel shoots out a bolt of lightning at you!
The bolt of electricity hits you!
The electric eel shoots out a bolt of lightning at you!
The bolt of electricity hits you.
* * * LOW HITPOINT WARNING * * *
The electric eel shoots out a bolt of lightning at you!
The bolt of electricity hits you!
* * * LOW HITPOINT WARNING * * *
The electric eel shoots out a bolt of lightning at you!
The bolt of electricity hits you.
* * * LOW HITPOINT WARNING * * *
There is an open door here.
The electric eel shoots out a bolt of lightning at you!
The bolt of electricity hits you.
* * * LOW HITPOINT WARNING * * *
The bolt of electricity hits you.
You die...

.#,,,,*#..'...........#
.#,,,,##+##...........#####
.#,,,,#.....######'#......#
.#,,,,#.....#..'...#......#
.###,,#.....#.†#...#..(...#
...#,,#.....#..#...#......#
...',,#.....########......#
...#,,#.......########....#
...####.......#.@....#...[#
#....P........#......#....#
≈P≈≈≈≈;.......'....PP.÷...#
.≈≈≈≈;≈?......#.....≈.....#
♣≈≈≈≈.≈.P.....#+#;≈≈≈≈≈...#
≈≈≈≈≈≈.≈♣##....,♣≈≈≈≈≈≈P###
≈.≈.≈.....#.......≈≈≈≈≈♣#
≈≈;;.≈≈P..#......≈≈≈≈≈≈.*
.♣..P♣..+##.....♣≈≈≈≈≈.,*


You could see an electric eel.

Vanquished Creatures
  Eustachio (D:6)
  A black bear (D:3)
  A sky beast (D:6)
  An ogre (D:6)
  A centaur (D:6)
  A bullfrog (D:6)
  A scorpion (D:6)
  An electric eel (D:6)
  A bullfrog zombie (D:6)
  A jelly (D:6)
  A quasit (D:6)
  An orc priest (D:6)
  3 centaur skeletons (D:6)
  An iguana (D:6)
  3 bullfrog skeletons (D:5)
  2 orc wizards
  4 worker ants
  A hound skeleton (D:5)
  A hound zombie (D:6)
  A worker ant zombie (D:5)
  6 adders
  An ufetubus (D:5)
  2 oozes
  An adder skeleton (D:5)
  3 worms (D:3)
  A dart slug (D:3)
  5 leopard geckos
  15 orcs
  3 giant cockroaches
  7 goblins
  7 hobgoblins
  2 jackals (D:1)
  16 kobolds
  A quokka (D:4)
  9 bats
  4 frilled lizards
  A leopard gecko zombie (D:5)
  10 rats
122 creatures vanquished.

Vanquished Creatures (others)
  An adder (D:6)
  11 plants (D:6)
12 creatures vanquished.

Grand Total: 134 creatures vanquished

Notes
Turn   | Place    | Note
-------+----------+-------------------------------------------
     0 | D:1      | ismpop the Minotaur Berserker began the quest for the Orb.
     0 | D:1      | Reached XP level 1. HP: 19/19 MP: 0/0
   182 | D:1      | Reached XP level 2. HP: 21/27 MP: 1/1
   304 | D:1      | Reached skill level 4 in Fighting
   569 | D:1      | Reached ** piety under Trog
   779 | D:1      | Reached XP level 3. HP: 29/33 MP: 2/2
  1196 | D:2      | Found a glowing golden altar of the Shining One.
  1735 | D:2      | Found a bloodstained altar of Trog.
  1743 | D:2      | Reached XP level 4. HP: 39/41 MP: 3/3
  2286 | D:3      | Noticed a black bear
  2308 | D:3      | Killed a black bear
  2309 | D:3      | Reached skill level 5 in Fighting
  2309 | D:3      | Reached XP level 5. HP: 17/48 MP: 4/4
  2839 | D:3      | Reached skill level 5 in Maces & Flails
  3358 | D:3      | Reached *** piety under Trog
  3757 | D:4      | Found the +18 shield of the Gong {rElec rN+ Will+ EV-5}
  4074 | D:4      | Found Kut Dioz's Magic Scroll Shoppe.
  4090 | D:4      | Bought a scroll of teleportation for 42 gold pieces
  4090 | D:4      | Bought a scroll of identify for 28 gold pieces
  4090 | D:4      | Bought a scroll of identify for 28 gold pieces
  4367 | D:5      | Entered Level 5 of the Dungeon
  4382 | D:5      | Reached XP level 6. HP: 56/56 MP: 5/5
  4399 | D:5      | Reached skill level 1 in Shields
  4691 | D:5      | Reached skill level 5 in Armour
  4976 | D:5      | Found a white marble altar of Elyvilon.
  5292 | D:5      | Found a shadowy altar of Dithmenos.
  5411 | D:6      | Noticed a sky beast
  5423 | D:6      | Killed a sky beast
  5424 | D:6      | Reached XP level 7. HP: 62/62 MP: 6/6
  5474 | D:6      | Gained mutation: You have sharp fingernails. [potion of
                  | mutation]
  5474 | D:6      | Gained mutation: You have very sharp teeth. [potion of
                  | mutation]
  5530 | D:6      | Reached skill level 6 in Fighting
  7003 | D:6      | Found a basalt altar of Yredelemnul.
  7024 | D:6      | Noticed Eustachio
  7041 | D:6      | Killed Eustachio
  7150 | D:6      | Found a staircase to the Ecumenical Temple.
  7227 | D:6      | Reached XP level 8. HP: 57/71 MP: 7/7
  8209 | D:6      | Reached skill level 7 in Fighting
  8526 | D:6      | Found a stormy altar of Qazlal.
  8644 | D:6      | Killed from afar by an electric eel

Illustrated notes

Levels and vault maps discovered:
D:1:      shiori_shiawase, layout_rooms, amethyst_killhole, corner_web_ring
D:2:      layout_loops_cross, tso_oasis_becter, lemuel_doored_altar
D:3:      layout_loops_cross, serial_co_window_serial, co_window_corner_a,
          co_window_paths_a, co_window_corner_a, co_window_corner_a,
          co_window_of_opportunity_a, co_window_2corner,
          co_window_of_opportunity_c, co_window_corner_cb, co_window_4corner_b,
          glass_columns_b, glass_columns_b, glass_columns_c, glass_columns_b,
          glass_columns_a, minmay_joined_circles
D:4:      layout_cave_pods, serial_shops, shop_statue, serial_column_ruins,
          column_ruins_grid_5, column_ruins_square_medium,
          column_ruins_columns_straight, column_ruins_open_small,
          column_ruins_grid_3, column_ruins_open_tiny_water,
          column_ruins_open_medium
D:5:      layout_cave_pools, lemuel_round_altar, elyvilon_altar_5
D:6:      layout_gridville, lemuel_coloured_pillars_altar,
          overflow_temple_1_default, lemuel_temple_firewalk_b, serial_bayou,
          serial_bayou_pond_b, serial_bayou_pond_e, serial_bayou_pond_b,
          serial_bayou_lake_a, uniq_eustachio

Skill      XL: |  1  2  3  4  5  6  7  8 |
---------------+-------------------------+-----
Fighting       | 4 5 6 7 |  7.0
Maces & Flails | 4 5 6 |  6.9
Armour         | 3 4 5 6 |  6.5
Dodging        | 3 4 |  4.3
Shields        | 2 3 4 |  4.4

Action                   |  1- 3 |  4- 6 |  7- 9 || total
-------------------------+-------+-------+-------++-------
Melee: Mace              |    13 |       |       ||    13
       Headbutt          |    12 |    31 |    23 ||    66
       Whip              |    63 |   201 |   102 ||   366
       Bite              |       |       |    12 ||    12
Invok: Berserk           |     1 |     5 |     5 ||    11
       Trog's Hand       |       |     4 |     5 ||     9
  Use: Scroll            |     3 |    12 |     4 ||    19
       Potion            |       |     2 |     5 ||     7
Armor: Robe              |    11 |       |       ||    11
       Animal skin       |     1 |       |       ||     1
       Ring mail         |    13 |    50 |       ||    63
       Chain mail        |       |   118 |    55 ||   173
Dodge: Dodged            |    62 |    60 |    24 ||   146
Block: Kite shield       |       |   205 |       ||   205
       Tower shield      |       |     2 |    98 ||   100

Table legend: (Time is in decaauts)
 A = Elapsed time spent in this place.
 B = Non-inter-level travel time spent in this place.
 C = Inter-level travel time spent in this place.
 D = Time resting spent in this place.
 E = Time spent auto-exploring this place.
 F = Levels seen in this place.
 G = Mean time per level.
                   A        B        C        D        E       F      G
               +--------+--------+--------+--------+--------+-----+--------+
         Total |   8785 |   8500 |    285 |   2563 |   3395 |   6 | 1464.2 |
       Dungeon |   8785 |   8500 |    285 |   2563 |   3395 |   6 | 1464.2 |
               +--------+--------+--------+--------+--------+-----+--------+

Top non-repeatable levels by time:
     D:6: 3335 daAuts
     D:3: 1669 daAuts
     D:1: 1163 daAuts
     D:5: 942 daAuts
     D:2: 900 daAuts
     D:4: 774 daAuts
